 Dungeon Crawl Stone Soup version 0.31-a0-1308-ga3cce3a (webtiles) character file.

Game seed: 934941482919085511

51 Remcycle the Chopper (level 3, -10/28 HPs)
             Began as a Demonspawn Gladiator on Dec 19, 2023.
             Mangled by a hobgoblin
             ... wielding a +0 whip
              (11 damage)
             ... on level 2 of the Dungeon.
             The game lasted 00:04:54 (762 turns).

Remcycle the Chopper (Demonspawn Gladiator)          Turns: 762, Time: 00:04:55

Health: -10/28     AC:  2    Str: 14 (16) XL:     3   Next: 57%
Magic:  3/3        EV: 12    Int:  7 (8)  God:
Gold:   67         SH:  0    Dex: 11 (14) Spells: 2/2 levels left

rFire   . . .        a - +0 war axe
rCold   + . .        (no shield)
rNeg    + . .        b - +0 leather armour
rPois   .            c - +0 helmet
rElec   .            (no cloak)
rCorr   .            (no gloves)
SInv    .            (no boots)
Will    .....        (no amulet)
Stlth   +            n - ring of positive energy
HPRegen 0.24/turn    (no ring)
MPRegen 0.08/turn

%: no passive effects
@: no status effects
A: weakness stinger 1, cold resistance 1, deformed body, sense surroundings 1
a: no special abilities


You were on level 2 of the Dungeon.
You visited 1 branch of the dungeon, and saw 2 of its levels.

You collected 67 gold pieces.

Inventory:

Hand Weapons
 a - a +0 war axe (weapon)
Missiles
 d - 3 throwing nets (quivered)
 e - a javelin
Armour
 b - a +0 leather armour (worn)
 c - a +0 helmet (worn)
Jewellery
 n - a ring of positive energy (left hand)
Scrolls
 f - a scroll of blinking {unknown}
 g - a scroll of silence {unknown}
 j - a scroll of vulnerability {unknown}
 k - a scroll of poison {unknown}
 m - a scroll of noise {unknown}
 o - a scroll of torment {unknown}
Potions
 h - a potion of curing
 l - a potion of mutation


   Skills:
 - Level 2.4 Fighting
 + Level 3.3 Axes
 - Level 2.2 Throwing
 - Level 3.0 Dodging


You had 2 spell levels left.
You didn't know any spells.
Your spell library was empty.

Dungeon Overview and Level Annotations

Branches:
Dungeon (2/15)

Altars:

Shops:
D:1 (   D:2 ?

Annotations:
D:2 Robin


Innate Abilities, Weirdness & Mutations

You have a small tail.
Your flesh is cold resistant. (rC+)
Armour fits poorly on your strangely shaped body.
You passively map a small area around you.


Message History

The goblin is severely wounded.
You hit the hobgoblin but do no damage. The goblin hits you but does no damage.
The hobgoblin barely misses you.
Robin roars a battlecry!
The goblins go into a battle-frenzy!
The goblin barely misses you. The hobgoblin closely misses you.
You barely miss the goblin. You tail-slap the goblin.
You kill the goblin!
You hit the hobgoblin but do no damage. The hobgoblin closely misses you.
You hit the hobgoblin.
The hobgoblin is severely wounded.
You slash the hobgoblin!
You kill the hobgoblin!
The hobgoblin hits you with a +0 whip!
You barely miss the hobgoblin.
The hobgoblin is severely wounded.
You closely miss the goblin. The hobgoblin hits you with a +0 whip!
* * * LOW HITPOINT WARNING * * *
The goblin barely misses you.
You are too injured to fight recklessly!
Okay, then.
It was a potion of curing.
You feel better. The hobgoblin barely misses you. The goblin misses you.
It was a potion of degeneration.
There was something very wrong with that liquid.
You feel weakened.
You feel dopey.
You feel clumsy. The hobgoblin barely misses you.
The goblin hits you with a +0 club.
It was a potion of mutation.
You feel extremely strange.
Your body twists and deforms.
You feel a strange attunement to the structure of the dungeons.
You feel resistant to cold. The hobgoblin hits you with a +0 whip!
* * * LOW HITPOINT WARNING * * *
The goblin barely misses you.
You hit the hobgoblin but do no damage.
The hobgoblin is severely wounded.
You hit the goblin. The hobgoblin hits you with a +0 whip!
* * * LOW HITPOINT WARNING * * *
The goblin misses you. The hobgoblin hits you with a +0 whip!
You die...

#.....# ##### #.....# , ,
#...### #.....# , #.#...##
#.....#= * ,
#.###..###g...... , #######.#
#....gg#.# *
#.......♣♣#..###g#.#
.......#..P♣.# #g#.# *,
##.###......♣###@#.# * #
#.P..P.♣P.#g#.######*
###...~~~..♣.........## .# ,
#....~~~~~............##.# ,
.###.#.P~♣~~~~†.............#
,
....∩....~~~♣~.............#
#..#.#...♣♣~~♣P............##
,
..##......~♣~♣...............
,
........P.P~~.............##


You could see Robin, 3 hobgoblins and 2 goblins.

Vanquished Creatures
  A dart slug (D:1)
  6 endoplasms
  6 goblins
  6 hobgoblins
  5 kobolds (D:1)
  3 quokkas
  3 ball pythons (D:1)
  6 bats
  4 frilled lizards (D:1)
  3 rats (D:1)
43 creatures vanquished.

Notes
Turn   | Place    | Note
-------+----------+-------------------------------------------
     0 | D:1      | Remcycle the Demonspawn Gladiator began the quest for the
                  | Orb.
     0 | D:1      | Reached XP level 1. HP: 16/16 MP: 1/1
    25 | D:1      | Found Libat's Antique Weapon Boutique.
   202 | D:1      | Discovered your monstrous ancestry.
   202 | D:1      | Gained mutation: You have a small tail. [demonic ancestry]
   202 | D:1      | Reached XP level 2. HP: 9/22 MP: 2/2
   437 | D:1      | Reached XP level 3. HP: 28/28 MP: 3/3
   685 | D:2      | Found Jiewou Ocru's Magic Scroll Boutique.
   737 | D:2      | Noticed Robin
   761 | D:2      | Gained mutation: Armour fits poorly on your strangely
                  | shaped body. [potion of mutation]
   761 | D:2      | Gained mutation: You passively map a small area around you.
                  | [potion of mutation]
   761 | D:2      | Gained mutation: Your flesh is cold resistant. (rC+)
                  | [potion of mutation]
   762 | D:2      | HP: 1/28 [hobgoblin/+0 whip (7)]
   762 | D:2      | Mangled by a hobgoblin

Illustrated notes

Levels and vault maps discovered:
D:1:      spicycebolla_arrival_xxxplode, layout_rooms, serial_shops,
          nicolae_shop_advertising_works [nicolae_subvault_shop_adworks]
D:2:      layout_rooms, serial_shops, nicolae_shop_crystal, basic_altar,
          serial_bayou, serial_bayou_shore_b, serial_bayou_pond_e,
          serial_bayou_shore_b, serial_bayou_pond_a, uniq_robin

Skill      XL: |  1  2 |
---------------+-------+-----
Throwing       | 2 |  2.2
Dodging        | 3 |  3.0
Axes           | 3 |  3.3
Fighting       | |  2.4

Action                     || total
---------------------------++-------
  Melee: War axe           ||   117
         Tailslap          ||     9
    Use: Potion            ||     3
 Armour: Leather armour    ||    81
  Dodge: Dodged            ||   110

Table legend: (Time is in decaauts)
 A = Elapsed time spent in this place.
 B = Non-inter-level travel time spent in this place.
 C = Inter-level travel time spent in this place.
 D = Time resting spent in this place.
 E = Time spent auto-exploring this place.
 F = Levels seen in this place.
 G = Mean time per level.
                   A        B        C        D        E       F      G
               +--------+--------+--------+--------+--------+-----+--------+
         Total |    802 |    777 |     25 |     31 |    457 |   2 |  401.0 |
       Dungeon |    802 |    777 |     25 |     31 |    457 |   2 |  401.0 |
               +--------+--------+--------+--------+--------+-----+--------+

Top non-repeatable levels by time:
     D:1: 683 daAuts
     D:2: 118 daAuts
